 Dungeon Crawl Stone Soup version 0.31-a0-705-ga145531891 (webtiles) character file.

Game seed: 5597735268540961830

369 cbfl8 the Trooper (level 6, 0/72 HPs)
             Began as a Demonspawn Fighter on Sept 9, 2023.
             Slain by Natasha (4 damage)
             ... on level 4 of the Dungeon.
             The game lasted 00:02:17 (2014 turns).

cbfl8 the Trooper (Demonspawn Fighter)              Turns: 2014, Time: 00:02:18

Health: 0/72       AC:  9    Str: 16    XL:     6   Next: 41%
Magic:  6/6        EV:  8    Int:  9    God:
Gold:   126        SH:  5    Dex: 15    Spells: 5/5 levels left

rFire   . . .        a - +0 war axe
rCold   . . .        c - +0 buckler
rNeg    . . .        b - +0 scale mail
rPois   .            i - +0 helmet
rElec   .            g - +0 cloak
rCorr   .            (no gloves)
SInv    .            (no boots)
Will    .....        (no amulet) Stlth
                     (no ring)
HPRegen 0.32/turn    (no ring)
MPRegen 0.10/turn

%: no passive effects
@: berserking, very quick
A: powered by death 2, powered by pain 1, weakness stinger 1
a: no special abilities


You were on level 4 of the Dungeon.
You visited 1 branch of the dungeon, and saw 4 of its levels.

You collected 126 gold pieces.

Inventory:

Hand Weapons
 a - a +0 war axe (weapon)
Armour
 b - a +0 scale mail (worn)
 c - a +0 buckler (worn)
 g - a +0 cloak (worn)
 i - a +0 helmet (worn)
Scrolls
 e - 2 scrolls of acquirement {unknown}
 h - a scroll of fear
 j - 2 scrolls of fog
Potions
 d - a potion of might
 l - a potion of lignification {unknown}
 n - a potion of invisibility {unknown}


   Skills:
 + Level 3.7 Fighting
 + Level 3.6 Axes
 + Level 3.6 Armour
 + Level 3.2 Shields
 * Level 2.4 Evocations
 * Level 1.8 Shapeshifting


You had 5 spell levels left.
You didn't know any spells.
Your spell library contained the following spells:

 Spells                   Type           Power      Damage    Failure   Level
 Cigotuvi's Dreadful Rot  Necr/Pois/Air  0%         N/A       95%         2
 Dispel Undead            Necr           0%         3d6       100%        4
 Death Channel            Necr           0%         N/A       100%        6


Dungeon Overview and Level Annotations

Branches:
Dungeon (4/15)
 Temple: D:4-7

Altars:

Shops:
D:1 =

Annotations:
D:4 Natasha


Innate Abilities, Weirdness & Mutations

You regenerate health from kills.
You sometimes gain a little power by taking damage.
You have a small tail.


Message History

The scorpion stings you but does no damage.
You barely miss the scorpion.
You tail-slap the scorpion, but do no damage.
The scorpion is severely wounded.
You barely miss Natasha. Natasha claws you.
You block the cerulean imp's attack.
The cerulean imp hits you but does no damage.
The scorpion stings you but does no damage.
The cerulean imp hits you but does no damage.
The cerulean imp hits you from afar with a +2 spear.
You block Natasha's attack.
You hit the scorpion.
The scorpion is severely wounded.
You hit Natasha but do no damage.
The scorpion stings you but does no damage.
The cerulean imp hits you but does no damage.
The cerulean imp hits you from afar with a +2 spear.
* * * LOW HITPOINT WARNING * * *
The cerulean imp hits you from afar with a +2 spear.
* * * LOW HITPOINT WARNING * * *
Natasha stares at you and mumbles some strange words.
The magic dart hits you.
* * * LOW HITPOINT WARNING * * *
The scorpion barely misses you.
The cerulean imp hits you from afar with a +0 spear.
* * * LOW HITPOINT WARNING * * *
You hit the scorpion but do no damage.
The scorpion is severely wounded.
You barely miss Natasha. You block the cerulean imp's attack.
The cerulean imp completely misses you. Natasha claws you but does no damage.
The scorpion stings you.
* * * LOW HITPOINT WARNING * * *
The cerulean imp barely misses you. x2
It was a potion of berserk rage.
A red film seems to cover your vision as you go berserk!
You feel yourself moving faster!
You feel mighty! The scorpion stings you.
* * * LOW HITPOINT WARNING * * *
Natasha claws you.
You die...
Natasha curls up and begins to purr.

### ..# #######.#
# #....<#.# ###.#
#.##..#.#####....#
#..†..#.##≈≈...≈≈#
#.......##≈≈≈.≈≈≈#
###......@s5.≈....
########h5≈.≈..#
#5≈...≈..
#.≈...≈.#
#..≈.≈..#
#≈.≈.≈.≈#
#≈.....≈#
#≈...$.≈#


You could see a scorpion, Natasha and 3 cerulean imps.

Vanquished Creatures
  Sigmund (D:2)
  A scorpion (D:4)
  An orc priest (D:3)
  Terence (D:2)
  5 adders
  2 worms (D:3)
  8 orcs
  2 bats (D:2)
  5 endoplasms
  3 giant cockroaches
  4 goblins
  2 hobgoblins (D:3)
  2 jackals (D:3)
  2 kobolds (D:2)
  A quokka (D:3)
  2 ball pythons
  3 frilled lizards
  8 rats
53 creatures vanquished.

Notes
Turn   | Place    | Note
-------+----------+-------------------------------------------
     0 | D:1      | cbfl8 the Demonspawn Fighter began the quest for the Orb.
     0 | D:1      | Reached XP level 1. HP: 18/18 MP: 1/1
    80 | D:1      | Found Ukyblill's Jewellery Boutique.
   574 | D:2      | Noticed Terence
   582 | D:2      | Killed Terence
   583 | D:2      | Reached skill level 1 in Evocations
   583 | D:2      | Gained mutation: You regenerate a little health from kills.
                  | [demonic ancestry]
   583 | D:2      | Reached XP level 2. HP: 21/24 MP: 2/2
   583 | D:2      | Gained mutation: You regenerate health from kills. [demonic
                  | ancestry]
   583 | D:2      | Reached XP level 3. HP: 25/29 MP: 3/3
   725 | D:2      | Noticed Sigmund
   737 | D:2      | Killed Sigmund
   738 | D:2      | Reached skill level 1 in Shapeshifting
   738 | D:2      | Gained mutation: You sometimes gain a little power by
                  | taking damage. [demonic ancestry]
   738 | D:2      | Reached XP level 4. HP: 22/35 MP: 4/4
   738 | D:2      | Gained mutation: You have a small tail. [demonic ancestry]
   738 | D:2      | Reached XP level 5. HP: 26/41 MP: 5/5
  1257 | D:2      | Identified the +6 mace "Kar Lojicy" {freeze, rCorr Dex+2}
  1260 | D:2      | Identified the +1 sling of Devotion {freeze, rElec rPois
                  | Dex+2}
  1273 | D:2      | Found a faded altar of an unknown god.
  1488 | D:3      | Reached XP level 6. HP: 26/47 MP: 6/6
  1995 | D:4      | Noticed Natasha
  2014 | D:4      | Slain by Natasha

Illustrated notes

Levels and vault maps discovered:
D:1:      nzn_arrival_crosshair, layout_basic, serial_shops,
          nicolae_shop_statue_plus
D:2:      layout_rooms, hellmonk_ecumenical_altar_defaced_shrine,
          nicolae_figureground_pulse, uniq_terence, uniq_sigmund
D:3:      layout_loops_cross, kennysheep_generic_room_5
D:4:      layout_basic, elyvilon_altar_1, nicolae_uskayaw_suspiria,
          lightli_corner_chamber, uniq_natasha, uniq_duvessa

Skill      XL: |  1  2  3  4  5 |
---------------+----------------+-----
Axes           | 2 3 |  3.6
Armour         | 3 |  3.6
Evocations     | 1 2 |  2.4
Shields        | 3 |  3.2
Shapeshifting  | 1 |  1.8
Fighting       | |  3.7

Action                     |  1- 3 |  4- 6 || total
---------------------------+-------+-------++-------
  Melee: War axe           |    41 |   103 ||   144
         Tailslap          |       |    10 ||    10
    Use: Scroll            |       |     3 ||     3
         Potion            |       |     1 ||     1
 Armour: Scale mail        |    35 |   104 ||   139
  Dodge: Dodged            |    14 |    59 ||    73
  Block: Buckler           |     8 |    36 ||    44

Table legend: (Time is in decaauts)
 A = Elapsed time spent in this place.
 B = Non-inter-level travel time spent in this place.
 C = Inter-level travel time spent in this place.
 D = Time resting spent in this place.
 E = Time spent auto-exploring this place.
 F = Levels seen in this place.
 G = Mean time per level.
                   A        B        C        D        E       F      G
               +--------+--------+--------+--------+--------+-----+--------+
         Total |   2070 |   1923 |    147 |      0 |   1560 |   4 |  517.5 |
       Dungeon |   2070 |   1923 |    147 |      0 |   1560 |   4 |  517.5 |
               +--------+--------+--------+--------+--------+-----+--------+

Top non-repeatable levels by time:
     D:2: 836 daAuts
     D:3: 623 daAuts
     D:1: 578 daAuts
     D:4: 31 daAuts
